 Dungeon Crawl Stone Soup version 0.17-a0-1942-g46ae386 (webtiles) character file.

20 ololoev the Slasher (level 2, -3/21 HPs)
             Began as a High Elf Fighter on Sept 30, 2015.
             Slain by Natasha (7 damage)
             ... on level 2 of the Dungeon.
             The game lasted 00:01:04 (166 turns).

ololoev the Slasher (High Elf Fighter)               Turns: 166, Time: 00:01:04

Health: -3/21      AC:  6    Str: 20    XL:     2   Next: 58%
Magic:  3/3        EV:  7    Int: 11    God:
Gold:   14         SH:  9    Dex: 14    Spells: 0 memorised, 1 level left

rFire  . . .     SeeInvis .     a - +0 long sword
rCold  . . .     Clarity  .     b - +0 scale mail
rNeg   . . .     SustAt   .     c - +0 shield
rPois  .         Gourm    .     (no helmet)
rElec  .         Spirit   .     (no cloak)
rCorr  .         Warding  .     (no gloves)
rMut   .         Stasis   .     (no boots)
MR     .....                    (no amulet)
Stlth  +.........               (no ring)
                                i - ring of stealth

@: mighty, very slightly contaminated, slowed, invisible, very slow, not
resistant to hostile enchantments, very unstealthy
A: no striking features
a: no special abilities

Inventory:

Hand weapons
 a - a +0 long sword (weapon)
Armour
 b - a +0 scale mail (worn)
 c - a +0 shield (worn)
Jewellery
 i - a ring of stealth (left hand)
Scrolls
 g - a scroll of fog {unknown}
 j - a scroll of teleportation {unknown}
Comestibles
 e - a bread ration
 h - a meat ration


   Skills:
 + Level 3.2 Fighting
 * Level 3.2 Long Blades
 + Level 3.0 Armour
 - Level 2.6 Shields


You had one spell level left.
You didn't know any spells.


You were on level 2 of the Dungeon.
You were not hungry.

You visited 1 branch of the dungeon, and saw 2 of its levels.

You collected 14 gold pieces.

##### #######
#...## .......
.....# ....<..
##...###
.......####......#
$.....h@.........#
.....5.####......#
## ..%..5.
#.......# ##.#
##..### #.......#
#... ## ##.......#
##..#
#........###...#
#...#......##....#
#..######.##....##
#..........#......

Notes
Turn   | Place    | Note
--------------------------------------------------------------
     0 | D:1      | ololoev the High Elf Fighter began the quest for the Orb.
     0 | D:1      | Reached XP level 1. HP: 16/16 MP: 2/2
   125 | D:2      | Reached XP level 2. HP: 6/21 MP: 3/3
   161 | D:2      | Noticed Natasha
   166 | D:2      | Slain by Natasha

Dungeon Overview and Level Annotations

Branches:
Dungeon (2/15)

Altars:

Annotations:
D:2 Natasha


Message History

Your Long Blades skill increases to level 3!
You have reached level 2!
A rat and a goblin come into view.
A giant gecko comes into view.
You slash the goblin!
You kill the goblin!
You slash the rat!
You kill the rat!
You hit the giant gecko.
The giant gecko is moderately wounded.
The giant gecko bites you but does no damage.
You block the giant gecko's attack.
You slash the giant gecko!
You kill the giant gecko!
Your Armour skill increases to level 3!
You see here a rat corpse.
j - a scroll labeled GUPRUT UFAGH A kobold comes into view.
It is wielding a short sword.
The kobold shouts!
Your shield prevents you from hitting the kobold.
You block the kobold's attack.
You closely miss the kobold. You block the kobold's attack.
You hit the kobold.
You kill the kobold!
Natasha, Servant of Life and Death comes into view.
Natasha stares at you and mumbles some strange words.
You feel yourself slow down.
Found a meat ration.
Found a stone staircase leading up.
Drink which item? (? for menu, Esc to quit)
It was a potion of invisibility.
You fade into invisibility!
Natasha mumbles some strange words.
You are very lightly contaminated with residual magic.
Natasha mumbles some strange words.
Drink which item? (? for menu, Esc to quit)
You feel very mighty all of a sudden.
Natasha stares at you and mumbles some strange words.
The magic dart hits you! Natasha claws you!
You die...

You could see Natasha, a crimson imp (wandering) and a white imp (wandering).

Vanquished Creatures
  An adder (D:2)
  2 giant geckos
  A giant cockroach (D:1)
  A giant newt (D:1)
  2 goblins (D:2)
  A kobold (D:2)
  3 rats
11 creatures vanquished.

Action                   || total
-------------------------++-------
Melee: Long sword        ||    42
  Use: Potion            ||     2

Vault maps used:
D:1:      tarquinn_simple_flora_water_c
D:2:      lemuel_upstairs_altar, minmay_tree_intersection, uniq_natasha
